 Dungeon Crawl Stone Soup version 0.26-a0-852-g6321bf7485 (webtiles) character file.

Game seed: 12092231012726283906

3897 marklar909 the Slinger (level 10, -8/72 HPs)
             Began as a Halfling Hunter on Nov 22, 2020.
             Was a Believer of Okawaru.
             Mangled by an orc warrior
             ... wielding a +0 battleaxe
              (21 damage)
             ... on level 7 of the Dungeon.
             The game lasted 00:15:31 (10027 turns).

marklar909 the Slinger (Halfling Hunter)           Turns: 10027, Time: 00:15:32

Health: -8/72      AC: 11    Str: 15    XL:     10   Next: 43%
Magic:  10/10      EV: 13    Int:  9    God:    Okawaru [**....]
Gold:   522        SH:  5    Dex: 17    Spells: 9/9 levels left

rFire    . . .     SeeInvis .   a - +2 hunting sling
rCold    . . .     Faith    .   z - +0 buckler
rNeg     . . .     Spirit   .   v - +0 scale mail
rPois    .         Reflect  .   (no helmet)
rElec    .         Harm     .   (no cloak)
rCorr    .         Rampage  .   (no gloves)
MR       +....                  (no boots)
Stlth    +.........             (no amulet)
HPRegen  0.22/turn              l - ring of protection from magic
MPRegen  0.12/turn              A - +4 ring of protection

@: studying Crossbows
A: small, mutation resistance 1
a: Heroism, Renounce Religion


You were on level 7 of the Dungeon.
You worshipped Okawaru.
Okawaru was pleased with you.
You visited 1 branch of the dungeon, and saw 8 of its levels.
You also visited: Sewer.

You collected 522 gold pieces.

Inventory:

Hand Weapons
 a - a +2 hunting sling (weapon)
 b - a +0 short sword
 B - a +0 arbalest
Missiles
 d - 58 sling bullets
 n - 38 stones (quivered)
Armour
 v - a +0 scale mail (worn)
 z - a +0 buckler (worn)
Jewellery
 l - a ring of protection from magic (left hand)
 A - a +4 ring of protection (right hand)
Wands
 y - a wand of random effects (3)
Scrolls
 e - 4 scrolls of immolation
 i - 3 scrolls of magic mapping
 j - 4 scrolls of teleportation
 k - 5 scrolls of remove curse
 s - 2 scrolls of identify
 u - a scroll of enchant weapon
 w - a scroll of blinking
 C - a scroll of fear
Potions
 c - 2 potions of magic
 f - a potion of berserk rage
 g - 4 potions of curing
 h - a potion of invisibility
 m - 2 potions of cancellation
 p - a potion of flight
 q - a potion of lignification
 r - a potion of heal wounds {unknown}
 t - a potion of attraction {unknown}
 x - 4 potions of mutation {unknown}
 D - 3 potions of haste
 E - 2 potions of might {unknown}
Books
 o - a manual of Crossbows
Miscellaneous
 G - a box of beasts (inert)


   Skills:
 + Level 8.0 Fighting
 + Level 14.4 Slings
 + Level 5.3 Armour
 + Level 3.3 Dodging
 + Level 2.0 Stealth
 + Level 1.4 Shields
 + Level 0.3 Evocations


You had 9 spell levels left.
You didn't know any spells.
Your spell library contained the following spells:

 Spells                   Type           Power        Failure   Level
 Animate Skeleton         Necr           #.....       91%         1
 Apportation              Tloc           #.....       91%         1
 Beastly Appendage        Tmut           #.....       91%         1
 Corona                   Hex            #......      91%         1
 Summon Small Mammal      Summ           #...         91%         1
 Wereblood                Tmut           #.......     97%         2
 Spider Form              Tmut/Pois      #.........   99%         3
 Ice Form                 Ice/Tmut       #.......     100%        4
 Blade Hands              Tmut           #.........   100%        5


Dungeon Overview and Level Annotations

Branches:
Dungeon (8/15)             Temple (0/1) D:7           Sewer (visited)
   Lair: D:8-11

Altars:
Dithmenos
Gozag
Kikubaaqudgha
Makhleb
Okawaru
Qazlal
Ru
Sif Muna
Trog

Annotations:
D:5 1 runed translucent door, Maimakterion's ghost, novice OpEE


Innate Abilities, Weirdness & Mutations

You are small and have problems with some larger weapons.
You are somewhat resistant to further mutation.


Message History

The mass of ice explodes!
The iceblast engulfs the orc warrior!
The orc warrior is heavily wounded.
The iceblast engulfs you! You block the orc warrior's attack.
Unknown command.
Unknown command.
Evoke which item? (* to show all) (? for menu, Esc to quit)
Aiming: Random Effects
Press: ? - help, Shift-Dir - straight line, f/p - orc warrior
Aim: an orc warrior, wielding a +0 battleaxe and wearing a +0 plate armour (heavily wounded)
The orc warrior flickers and vanishes!
Deactivating autopickup; reactivate with Ctrl-A.
Unknown command.
Unknown command.
You start resting.
Something hits you!
* * * LOW HITPOINT WARNING * * *
Unknown command.
There is a strange disturbance nearby!
Something hits you!!
You die...

######## ###.......
###############.#.######
#......@........#.#.....
##########.#############.#.#.####
...........# #........#.#.#.#...
###........####.######.#.#.#.....
###..................#.#.#.#...#.
.........................>.#.###.
...........................#.# #.
...........#####.#...#.....#.# #.
...........### #.##........#.# #.


There were no monsters in sight!

Vanquished Creatures
  A two-headed ogre (D:8)
  Menkaure (D:7)
  2 orc warriors
  A sky beast (D:8)
  A phantom (D:5)
  5 ogres
  An ice beast (D:7)
  A centaur (D:7)
  4 bullfrogs
  6 scorpions
  8 killer bees
  A jelly (D:6)
  A centaur zombie (D:8)
  2 bullfrog skeletons (D:6)
  4 orc priests
  3 hounds
  Terence (D:2)
  Natasha (D:2)
  An iguana (D:4)
  5 orc wizards
  7 worker ants
  A killer bee zombie (D:7)
  A worker ant zombie (D:5)
  5 gnolls
  7 adders
  2 shadow imps
  3 white imps (D:7)
  2 ufetubi (D:5)
  An ooze (D:6)
  An adder zombie (D:6)
  6 worms
  An adder skeleton (D:5)
  5 dart slugs
  2 leopard geckos
  31 orcs
  8 bats
  8 giant cockroaches
  13 goblins
  6 hobgoblins
  10 jackals
  2 quokkas
  9 ball pythons
  13 frilled lizards
  A jackal skeleton (D:4)
  A jackal zombie (D:7)
  4 kobolds
  A quokka skeleton (D:5)
  A quokka zombie (D:7)
  8 rats
210 creatures vanquished.

Vanquished Creatures (collateral kills)
  Maggie (D:7)
1 creature vanquished.

Vanquished Creatures (others)
  A human (D:6)
  7 fungi (D:6)
8 creatures vanquished.

Grand Total: 219 creatures vanquished

Notes
Turn   | Place    | Note
-------+----------+-------------------------------------------
     0 | D:1      | marklar909 the Halfling Hunter began the quest for the Orb.
     0 | D:1      | Reached XP level 1. HP: 14/14 MP: 1/1
    48 | D:1      | Reached skill level 6 in Slings
    66 | D:1      | Reached XP level 2. HP: 19/19 MP: 2/2
   336 | D:1      | Reached XP level 3. HP: 24/24 MP: 3/3
   438 | D:1      | Reached skill level 7 in Slings
   685 | D:2      | Reached XP level 4. HP: 29/29 MP: 4/4
  1218 | D:2      | Noticed Natasha
  1223 | D:2      | Killed Natasha
  1224 | D:2      | Reached skill level 8 in Slings
  1224 | D:2      | Reached XP level 5. HP: 35/35 MP: 5/5
  1256 | D:2      | Found a shadowy altar of Dithmenos.
  1291 | D:2      | Noticed Terence
  1306 | D:2      | Killed Terence
  1358 | D:2      | Found a shimmering blue altar of Sif Muna.
  1590 | D:2      | Found a sacrificial altar of Ru.
  1856 | D:3      | Reached skill level 9 in Slings
  1856 | D:3      | Reached XP level 6. HP: 34/41 MP: 6/6
  3006 | D:4      | Reached skill level 1 in Armour
  3254 | D:4      | Reached XP level 7. HP: 38/46 MP: 7/7
  3890 | D:4      | Reached skill level 10 in Slings
  4873 | D:4      | Found an opulent altar of Gozag.
  5010 | D:5      | Entered Level 5 of the Dungeon
  5016 | D:5      | Found a runed translucent door.
  5091 | D:5      | Reached skill level 11 in Slings
  5091 | D:5      | Reached XP level 8. HP: 45/54 MP: 8/8
  5159 | D:5      | Found an iron altar of Okawaru.
  5816 | D:5      | Became a worshipper of Warmaster Okawaru
  5927 | D:5      | Reached skill level 12 in Slings
  6002 | D:5      | Noticed Maimakterion's ghost (novice OpEE)
  6219 | D:6      | Found a glowing drain.
  6246 | Sewer    | Entered a sewer
  6315 | Sewer    | Reached skill level 5 in Fighting
  6513 | D:6      | Reached XP level 9. HP: 61/61 MP: 9/9
  6722 | D:6      | Found an ancient bone altar of Kikubaaqudgha.
  6783 | D:6      | Reached * piety under Okawaru
  6939 | D:6      | Found a bloodstained altar of Trog.
  7285 | D:6      | Found a burning altar of Makhleb.
  7391 | D:6      | Reached skill level 13 in Slings
  7661 | D:6      | Identified a scroll of acquirement
  7661 | D:6      | Acquired a manual of Crossbows
  7833 | D:7      | Noticed Menkaure
  7841 | D:7      | Killed Menkaure
  8543 | D:7      | Found a staircase to the Ecumenical Temple.
  8807 | D:7      | Noticed Maggie
  8824 | D:7      | Killed Maggie
  8824 | D:7      | Reached ** piety under Okawaru
  8825 | D:7      | Reached skill level 1 in Shields
  8830 | D:7      | Reached XP level 10. HP: 19/71 MP: 10/10
  9497 | D:8      | Found a stormy altar of Qazlal.
  9555 | D:8      | Reached skill level 5 in Armour
  9598 | D:8      | Noticed a two-headed ogre
  9605 | D:8      | Reached skill level 14 in Slings
  9668 | D:8      | Killed a two-headed ogre
 10027 | D:7      | Mangled by an orc warrior

Illustrated notes

Levels and vault maps discovered:
D:1:      mrwooster_arrival_statue_2, layout_basic
D:2:      layout_basic, old_standard_altar, nicolae_ru_path_of_blood,
          led_sif_pool, uniq_natasha, uniq_terence
D:3:      wad_river_or_something, layout_basic, chequers_serial_rivers_room_a
D:4:      layout_basic, kennysheep_mini
D:5:      layout_rooms, okawaru_gym_becter, ebering_ghost_reflecting_pool
D:6:      layout_rooms, grunt_temple_overflow_open, portal_sewer_entry_a,
          serial_aquarium, aquarium_bridge_square [aquarium_subvault_wall,
          aquarium_subvault_bridge, aquarium_subvault_bridge,
          aquarium_subvault_balcony], aquarium_window_1, aquarium_window_2,
          aquarium_view_2f, aquarium_view_2f, tgw_kikubaaqudgha
D:7:      layout_basic, minmay_temple_entry_overgrown, uniq_menkaure,
          uniq_maggie
D:8:      layout_loops_corners, kennysheep_little_box,
          hangedman_decor_diamond_cutter, elyvilon_altar_1

Skill      XL: |  1  2  3  4  5  6  7  8  9 10 |
---------------+-------------------------------+-----
Slings         | 6 7 8 9 11 12 13 14 | 14.4
Fighting       | 2 3 5 7 8 |  8.0
Armour         | 1 2 3 4 5 |  5.3
Dodging        | 3 |  3.3
Shields        | 1 |  1.4
Stealth        | 2 |  2.0
Evocations     | |  0.3

Action                   |  1- 3 |  4- 6 |  7- 9 | 10-12 || total
-------------------------+-------+-------+-------+-------++-------
 Fire: Hunting sling     |    84 |   250 |   664 |   129 ||  1127
Invok: Heroism           |       |       |     1 |       ||     1
Evoke: Wand              |       |       |     1 |     7 ||     8
       Box of beasts     |       |       |     1 |       ||     1
  Use: Scroll            |       |     8 |    11 |     2 ||    21
       Potion            |       |       |     1 |     1 ||     2
Armor: Leather armour    |     1 |       |       |       ||     1
       Ring mail         |       |    24 |       |       ||    24
       Scale mail        |       |     6 |    83 |    14 ||   103
Dodge: Dodged            |     8 |    46 |   137 |    41 ||   232
Block: Buckler           |       |       |    38 |    12 ||    50

Table legend: (Time is in decaauts)
 A = Elapsed time spent in this place.
 B = Non-inter-level travel time spent in this place.
 C = Inter-level travel time spent in this place.
 D = Time resting spent in this place.
 E = Time spent auto-exploring this place.
 F = Levels seen in this place.
 G = Mean time per level.
                   A        B        C        D        E       F      G
               +--------+--------+--------+--------+--------+-----+--------+
         Total |   9732 |   9215 |    517 |    663 |   6892 |   9 | 1081.3 |
       Dungeon |   9458 |   8941 |    517 |    663 |   6701 |   8 | 1182.2 |
         Sewer |    274 |    274 |      0 |      0 |    190 |   1 |  274.0 |
               +--------+--------+--------+--------+--------+-----+--------+

Top non-repeatable levels by time:
     D:4: 1779 daAuts
     D:7: 1680 daAuts
     D:3: 1653 daAuts
     D:6: 1264 daAuts
     D:5: 1162 daAuts
     D:2: 969 daAuts
     D:1: 641 daAuts
     D:8: 308 daAuts
   Sewer: 274 daAuts
